 Dungeon Crawl Stone Soup version 0.29-a0-581-ge9a90b782e (webtiles) character file.

Game seed: 11187757425036094520

3058 KristoblXynda the Carver (level 9, -1/81 HPs)
             Began as a Yellow Draconian Berserker on June 14, 2022.
             Was an Elder of Trog.
             Slain by a human
             ... wielding a +0 vorpal hand axe
              (5 damage)
             ... in a bailey.
             The game lasted 00:09:15 (6223 turns).

KristoblXynda the Carver (DrBe)                     Turns: 6223, Time: 00:09:16

Health: -1/81      AC: 10    Str: 22    XL:     9   Next: 57%
Magic:  9/9        EV: 18    Int: 10    God:    Trog [****..]
Gold:   303        SH:  0    Dex: 10    Spells: 8/8 levels left

rFire   . . .      SeeInvis +   c - +8 trident of the Gloaming {vorpal, Fly Will+}
rCold   . . .      Faith    .   (no shield)
rNeg    . . .      Spirit   .   (body armour unavailable)
rPois   .          Reflect  .   (helmet restricted)
rElec   .          Harm     .   o - +1 cloak
rCorr   +          Rampage  .   g - +0 pair of gloves
Will    +....                   (no boots)
Stlth   +.........              d - amulet of regeneration
HPRegen 1.03/turn               e - +4 ring of evasion
MPRegen 0.11/turn               f - ring of see invisible

@: short of breath, flying, invisible
A: spit acid, AC +7, unfitting armour, cold-blooded, acid resistance
a: Breathe Acid, Renounce Religion, Berserk, Trog's Hand, Brothers in Arms


You were in a bailey.
You worshipped Trog.
Trog was greatly pleased with you.
You visited 2 branches of the dungeon, and saw 8 of its levels.
You also visited: Sewer and Bailey.

You collected 365 gold pieces.
You spent 62 gold pieces at shops.

Inventory:

Hand Weapons
 a - a +0 falchion of flaming
 c - the +8 trident of the Gloaming (weapon) {vorpal, Fly Will+}
   (You found it on level 3 of the Dungeon)

   It inflicts extra damage upon your enemies.
   Fly:       It grants you flight.
   Will:      It increases your willpower.
Missiles
 r - 5 javelins
 w - 5 silver javelins
 x - a throwing net (quivered)
Armour
 g - a +0 pair of gloves (worn)
 o - a +1 cloak (worn)
Jewellery
 d - an amulet of regeneration (around neck)
 e - a +4 ring of evasion (left hand)
 f - a ring of see invisible (right hand)
 i - a ring of magical power
 j - a ring of fire
Wands
 q - a wand of iceblast (11)
 s - a wand of digging (2)
Scrolls
 k - 5 scrolls of teleportation
 p - 4 scrolls of poison
 t - 2 scrolls of identify
Potions
 b - 4 potions of flight
 h - 4 potions of curing
 m - a potion of ambrosia
 n - 3 potions of magic
 u - a potion of haste
 v - a potion of attraction


   Skills:
 + Level 8.2 Fighting
 + Level 8.4 Long Blades
 - Level 3.1 Throwing
 + Level 6.8 Dodging
 + Level 3.1 Evocations


You had 8 spell levels left.
You didn't know any spells.
Your spell library contained the following spells:

 Spells                   Type           Power      Damage    Failure   Level
 Foxfire                  Conj/Fire      0%         2x1d4     36%         1
 Ensorcelled Hibernation  Hex/Ice        0%         N/A       50%         2
 Passwall                 Tmut/Erth      0%         N/A       50%         2
 Sublimation of Blood     Necr           0%         N/A       50%         2
 Wereblood                Tmut           0%         N/A       50%         2
 Conjure Flame            Conj/Fire      0%         6-21      75%         3
 Inner Flame              Hex/Fire       0%         N/A       75%         3
 Swiftness                Air            0%         N/A       75%         3
 Flame Wave               Conj/Fire      0%         2d4       98%         4
 Fulminant Prism          Conj/Hex       0%         3d6       98%         4
 Iskenderun's Mystic Bla  Conj/Tloc      0%         2d3       98%         4
 Blade Hands              Tmut           0%         N/A       100%        5
 Lee's Rapid Deconstruct  Erth           0%         3d5*      100%        5
 Iron Shot                Conj/Erth      0%         9d1       100%        6
 Summon Hydra             Summ           0%         N/A       100%        7
 Animate Armour           Summ/Erth      Unusable   N/A       N/A         4

Dungeon Overview and Level Annotations

Branches:
Dungeon (7/15)             Temple (1/1) D:5           Sewer (visited)
 Bailey (1/1)

Altars:
Dithmenos
Elyvilon
Fedhas
Gozag
Hepliaklqana
Kikubaaqudgha
Nemelex Xobeh
Okawaru
Qazlal
Ru
Sif Muna
Trog
Uskayaw
Vehumet
Wu Jian
Xom
Yredelemnul
Zin
The Shining One

Shops:
D:4 ?   D:6 (*


Innate Abilities, Weirdness & Mutations

You can spit globs of acid.
Your golden yellow scales are hard. (AC +7)
You cannot fit into any form of body armour.
You are cold-blooded and may be slowed by cold attacks.
You are resistant to acid. (rCorr)


Message History

Press: ? - help, Shift-Dir - straight line The mass of ice explodes!
The iceblast engulfs the human!
You kill the human!
Trog accepts your kill.
You hear a shout! x2
Your Evocations skill increases to level 3!
Things that are here:
a +2 vorpal hand axe; a +0 ring mail
x - a throwing net You start resting.
A human comes into view. It is wielding a +0 vorpal hand axe.
A human is nearby!
A human comes into view. It is wielding a +0 war axe.
Press: ? - help, Shift-Dir - straight line, f - human
Aim: a human, wielding a +0 vorpal hand axe and wearing a +0 scale mail (55% to hit)
You spit a glob of acid.
The glob of acid hits the human!
The acid corrodes the human!
The human is moderately wounded.
A human comes into view. It is wielding a +0 war axe.
You puncture the human!
The human is severely wounded.
The human barely misses you.
You completely miss the human.
Your tail-slap misses the human.
The human is severely wounded.
The human hits you with a +0 vorpal hand axe.
* * * LOW HITPOINT WARNING * * *
x2 The human hits you with a +0 vorpal hand axe!
* * * LOW HITPOINT WARNING * * *
x2 Unknown command.
Okay, then.
You fade into invisibility!
The human misses you.
Unknown command.
You puncture the human!
The human is heavily wounded.
The human closely misses you. x2; The human completely misses you.
You closely miss the human.
The human is moderately wounded.
The human hits you with a +0 vorpal hand axe.
You die...

#### ≈≈≈##
≈≈≈≈# #####
≈≈≈≈+
##...##≈≈≈≈#
#@p∩p.'≈≈≈#
#)p...######
#..∩..'....#
##...##......#
##### ......#
.###### ##


You could see 3 humans.

Vanquished Creatures
  Grinder (D:3)
  Sigmund (D:2)
  Eustachio (D:6)
  A human (Bailey)
  Menkaure (D:6)
  A water moccasin (D:5)
  2 ice beasts
  An orc warrior (Bailey)
  A phantom (D:5)
  A kobold brigand (D:6)
  3 bullfrogs
  A gnoll sergeant (D:7)
  2 necrophages
  3 scorpions
  4 wights (D:6)
  A howler monkey (D:5)
  A jelly (D:6)
  4 hounds
  Crazy Yiuf (D:2)
  An orc priest (D:5)
  Jessica (D:2)
  5 iguanas
  3 orc wizards
  A merfolk siren (Sewer)
  A merfolk avatar (Sewer)
  13 adders
  9 gnolls
  4 river rats (Sewer)
  A white imp (D:5)
  2 worms (D:4)
  7 dart slugs
  14 orcs
  18 ball pythons
  9 endoplasms
  4 giant cockroaches
  6 goblins
  8 hobgoblins
  6 jackals
  4 quokkas
  3 training dummies (D:6)
  3 bats
  9 frilled lizards
  11 kobolds
  25 rats
199 creatures vanquished.

Vanquished Creatures (collateral kills)
  An orc warrior (Bailey)
1 creature vanquished.

Grand Total: 200 creatures vanquished

Notes
Turn   | Place    | Note
-------+----------+-------------------------------------------
     0 | D:1      | KristoblXynda the Draconian Berserker began the quest for
                  | the Orb.
     0 | D:1      | Reached XP level 1. HP: 19/19 MP: 1/1
   205 | D:1      | Found a faded altar of an unknown god.
   212 | D:1      | Reached XP level 2. HP: 26/26 MP: 2/2
   877 | D:2      | Reached XP level 3. HP: 33/33 MP: 3/3
   932 | D:2      | Found a runed translucent door.
   933 | D:2      | Noticed Crazy Yiuf
   977 | D:2      | Reached ** piety under Trog
  1043 | D:2      | Noticed Jessica
  1048 | D:2      | Killed Jessica
  1049 | D:2      | Reached XP level 4. HP: 31/40 MP: 4/4
  1098 | D:2      | Noticed Sigmund
  1104 | D:2      | Killed Sigmund
  1105 | D:2      | Reached XP level 5. HP: 47/47 MP: 5/5
  1384 | D:2      | Found a sparkling altar of Nemelex Xobeh.
  1675 | D:2      | Reached XP level 6. HP: 55/55 MP: 6/6
  1694 | D:2      | Identified the +1 chain mail "Gyt Urofa" {Harm Will+}
  1769 | D:2      | Reached skill level 5 in Long Blades
  2167 | D:2      | Killed Crazy Yiuf
  2168 | D:2      | Reached skill level 5 in Fighting
  2372 | D:3      | Noticed Grinder
  2373 | D:3      | Paralysed by Grinder for 4 turns
  2387 | D:3      | Killed Grinder
  2388 | D:3      | Your scales start taking on a golden yellow colour.
  2388 | D:3      | Reached XP level 7. HP: 61/61 MP: 7/7
  2388 | D:3      | Gained mutation: You are resistant to acid. (rCorr) [Yellow
                  | Draconian growth]
  3046 | D:3      | Identified the +8 trident of the Gloaming {vorpal, Fly
                  | Will+}
  3086 | D:3      | Reached *** piety under Trog
  3101 | D:4      | Found Quudgh's Magic Scroll Emporium.
  3113 | D:4      | Bought a scroll of identify for 26 gold pieces
  3661 | D:5      | Entered Level 5 of the Dungeon
  3770 | D:5      | Found a glowing drain.
  3781 | Sewer    | Entered a sewer
  3861 | Sewer    | Reached skill level 5 in Dodging
  3937 | Sewer    | Reached **** piety under Trog
  4005 | Sewer    | Reached XP level 8. HP: 67/70 MP: 8/8
  4193 | D:5      | Found a staircase to the Ecumenical Temple.
  4208 | Temple   | Entered the Ecumenical Temple
  4454 | D:5      | Reached skill level 1 in Throwing
  5158 | D:6      | Noticed Eustachio
  5164 | D:6      | Killed Eustachio
  5311 | D:6      | Found Sunet's Firing Range.
  5311 | D:6      | Noticed Menkaure
  5315 | D:6      | Killed Menkaure
  5316 | D:6      | Reached XP level 9. HP: 79/79 MP: 9/9
  5329 | D:6      | Reached ***** piety under Trog
  5335 | D:6      | Bought a throwing net for 36 gold pieces
  5376 | D:6      | Reached skill level 1 in Evocations
  5421 | D:6      | Found Fosk's General Store.
  6140 | D:7      | Found a flagged portal.
  6154 | Bailey   | Entered a bailey
  6192 | Bailey   | HP: 4/81 [orc warrior/+0 hand axe (8)]
  6220 | Bailey   | HP: 4/81 [human/+0 vorpal hand axe (9)]
  6220 | Bailey   | HP: 1/81 [human/+0 vorpal hand axe (3)]
  6223 | Bailey   | Slain by a human

Illustrated notes

Levels and vault maps discovered:
D:1:      dpeg_arrival_erosion, layout_basic, nicolae_ecumenical_snake_handling,
          amcnicky_mini_rare_corridor_liquid
D:2:      layout_loops_corners, basic_altar, corexii_corridor_pit,
          minmay_misc_feat_ornament, uniq_crazy_yiuf_cottage, uniq_jessica,
          uniq_sigmund
D:3:      layout_basic, eino_tiny_chamber, minmay_misc_feat_x, uniq_grinder
D:4:      layout_loops_cross, serial_shops, shop
D:5:      layout_basic, minmay_temple_entry_mist, portal_sewer_entry_b
D:6:      layout_gridville, serial_shops, nicolae_shop_hallway_stairs,
          nicolae_shop_firing_range, uniq_menkaure, uniq_eustachio
D:7:      layout_basic, enter_bailey_6, serial_bayou_crossing
Temple:   mainiacjoe_temple_bowtie_tessellation
Bailey:   bailey_axe_froggy_fort_hellmonk, bailey

Skill      XL: |  1  2  3  4  5  6  7  8  9 |
---------------+----------------------------+-----
Dodging        | 3 4 5 6 |  6.8
Fighting       | 4 5 6 7 8 |  8.2
Long Blades    | 4 5 6 7 8 |  8.4
Throwing       | 3 |  3.1
Evocations     | 3 |  3.1

Action                   |  1- 3 |  4- 6 |  7- 9 || total
-------------------------+-------+-------+-------++-------
Melee: Falchion          |    81 |    83 |    96 ||   260
       Tailslap          |    13 |     8 |    30 ||    51
       Punch             |       |     2 |       ||     2
       Trident           |       |       |   289 ||   289
Throw: Javelin           |       |       |     4 ||     4
       Throwing net      |       |       |     2 ||     2
Invok: Berserk           |       |     5 |       ||     5
       Trog's Hand       |       |       |     1 ||     1
       Brothers in Arms  |       |       |     1 ||     1
 Abil: Breathe Acid      |       |       |     7 ||     7
Evoke: Wand              |       |       |     2 ||     2
  Use: Scroll            |       |     1 |    17 ||    18
       Potion            |       |       |     4 ||     4
 Stab: Sleeping          |       |     1 |       ||     1
       Held in net/web   |       |       |     1 ||     1
Armor: Skin              |    15 |    30 |   121 ||   166
Dodge: Dodged            |    46 |    51 |   324 ||   421

Table legend: (Time is in decaauts)
 A = Elapsed time spent in this place.
 B = Non-inter-level travel time spent in this place.
 C = Inter-level travel time spent in this place.
 D = Time resting spent in this place.
 E = Time spent auto-exploring this place.
 F = Levels seen in this place.
 G = Mean time per level.
                   A        B        C        D        E       F      G
               +--------+--------+--------+--------+--------+-----+--------+
         Total |   6370 |   6184 |    186 |    695 |   4037 |  10 |  637.0 |
       Dungeon |   5655 |   5499 |    156 |    693 |   3670 |   7 |  807.9 |
        Temple |    230 |    200 |     30 |      0 |    184 |   1 |  230.0 |
         Sewer |    405 |    405 |      0 |      0 |    183 |   1 |  405.0 |
        Bailey |     78 |     78 |      0 |      2 |      0 |   1 |   78.0 |
               +--------+--------+--------+--------+--------+-----+--------+

Top non-repeatable levels by time:
     D:2: 1455 daAuts
     D:6: 982 daAuts
     D:3: 889 daAuts
     D:1: 818 daAuts
     D:5: 774 daAuts
     D:4: 567 daAuts
   Sewer: 405 daAuts
  Temple: 230 daAuts
     D:7: 167 daAuts
  Bailey: 78 daAuts
